 Dungeon Crawl Stone Soup version 0.27-a0-380-g150de4c316 (webtiles) character file.

Game seed: 1302574885669152083

54 mobinator the Cudgeller (level 3, 0/31 HPs)
             Began as a Minotaur Berserker on Feb 18, 2021.
             Was a Follower of Trog.
             Succumbed to an adder's poison
             ... on level 2 of the Dungeon.
             The game lasted 00:05:02 (961 turns).

mobinator the Cudgeller (Minotaur Berserker)         Turns: 961, Time: 00:05:03

Health: 0/31       AC:  5    Str: 22    XL:     3   Next: 66%
Magic:  2/2        EV: 11    Int:  4    God:    Trog [*.....]
Gold:   37         SH:  0    Dex:  9    Spells: 2/2 levels left

rFire    . . .     SeeInvis .   a - +0 mace
rCold    . . .     Faith    .   (no shield)
rNeg     . . .     Spirit   .   e - +0 ring mail
rPois    .         Reflect  .   (helmet restricted)
rElec    .         Harm     .   (no cloak)
rCorr    .         Rampage  .   (no gloves)
Will     .....                  (no boots)
Stlth    ..........             (no amulet)
HPRegen  0.10/turn              (no ring)
MPRegen  0.08/turn              (no ring)

@: lethally poisoned (0 -> -4)
A: retaliatory headbutt, horns 2
a: Renounce Religion, Berserk


You were on level 2 of the Dungeon.
You worshipped Trog.
Trog was aware of your devotion.
You visited 1 branch of the dungeon, and saw 2 of its levels.

You collected 37 gold pieces.

Inventory:

Hand Weapons
 a - a +0 mace (weapon)
Armour
 e - a +0 ring mail (worn)
Potions
 c - a potion of heal wounds {unknown}


   Skills:
 - Level 3.6 Fighting
 * Level 4.5(4.9) Maces & Flails
 * Level 2.4(3.8) Staves
 + Level 3.1 Armour
 - Level 2.1 Dodging


You had 2 spell levels left.
You didn't know any spells.
Your spell library was empty.

Dungeon Overview and Level Annotations

Branches:
Dungeon (2/15)

Altars:


Innate Abilities, Weirdness & Mutations

You reflexively headbutt those who attack you in melee.
You have a pair of horns on your head.


Message History

The kobold barely misses you. The hobgoblin barely misses you.
The adder bites you but does no damage.
You feel sick.
You feel sick. The adder closely misses you.
You feel sick.
You feel sick.
You are too injured to fight recklessly!
You are too injured to fight recklessly!
You are too injured to fight recklessly!
You are too injured to fight recklessly!
You are too injured to fight recklessly!
You are too injured to fight recklessly!
You are too injured to fight recklessly!
You barely miss the kobold. The kobold closely misses you.
You sock the kobold!
You kill the kobold!
Trog accepts your kill.
You feel sick.
You barely miss the adder. Your headbutt misses the adder. The adder bites you.
The adder bites you but does no damage.
You barely miss the adder.
You feel sick. The adder bites you.
* * * LOW HITPOINT WARNING * * *
Unknown command.
As you read the scroll labelled GUIJIEDWETOF, it crumbles to dust.
It is a scroll of identify.
d - a scroll of fear The adder bites you.
* * * LOW HITPOINT WARNING * * *
The adder bites you.
* * * LOW HITPOINT WARNING * * *
As you read the scroll of fear, it crumbles to dust.
You assume a fearsome visage.
The water moccasin zombie is unaffected.
The leopard gecko looks frightened!
The hobgoblin looks frightened!
The adder looks frightened!
* * * LOW HITPOINT WARNING * * *
You feel sick.
The water moccasin zombie barely misses you.
You die...

.............g#
...#.........#######
........g.....#......
.....######.###......
.... ###.###......
... #.........# ..
##.#Z##....# #
#.........##
#...@.....#
.....##......#
...####.)....#
...#....<....#
.....#.......#
......<......#
..###.#......### .
...#.[....[..
..####......##.


You could see a water moccasin zombie.

Vanquished Creatures
  Jessica (D:2)
  An adder (D:2)
  2 leopard geckos (D:1)
  A goblin (D:1)
  3 hobgoblins
  3 kobolds
  2 bats (D:1)
  2 frilled lizards (D:1)
  5 rats (D:1)
20 creatures vanquished.

Notes
Turn   | Place    | Note
-------+----------+-------------------------------------------
     0 | D:1      | mobinator the Minotaur Berserker began the quest for the
                  | Orb.
     0 | D:1      | Reached XP level 1. HP: 19/19 MP: 0/0
   264 | D:1      | Reached skill level 1 in Staves
   279 | D:1      | Reached XP level 2. HP: 26/26 MP: 1/1
   503 | D:1      | Reached skill level 4 in Maces & Flails
   901 | D:2      | Noticed Jessica
   905 | D:2      | Killed Jessica
   906 | D:2      | Reached XP level 3. HP: 31/31 MP: 2/2
   956 | D:2      | HP: 1/31 [adder (1)]
   961 | D:2      | Succumbed to an adder's poison

Illustrated notes

Levels and vault maps discovered:
D:1:      tarquinn_simple_flora_water_f, layout_basic
D:2:      layout_rooms, uniq_jessica

Skill      XL: |  1  2 |
---------------+-------+-----
Staves         | 1 2 |  2.4
Maces & Flails | 4 |  4.5
Armour         | 3 |  3.1
Fighting       | |  3.6
Dodging        | |  2.1

Action                   || total
-------------------------++-------
Melee: Mace              ||    41
       Headbutt          ||     4
Invok: Berserk           ||     1
  Use: Scroll            ||     2
Armor: Animal skin       ||    11
       Ring mail         ||     7
Dodge: Dodged            ||    32

Table legend: (Time is in decaauts)
 A = Elapsed time spent in this place.
 B = Non-inter-level travel time spent in this place.
 C = Inter-level travel time spent in this place.
 D = Time resting spent in this place.
 E = Time spent auto-exploring this place.
 F = Levels seen in this place.
 G = Mean time per level.
                   A        B        C        D        E       F      G
               +--------+--------+--------+--------+--------+-----+--------+
         Total |    983 |    881 |    102 |     64 |    675 |   2 |  491.5 |
       Dungeon |    983 |    881 |    102 |     64 |    675 |   2 |  491.5 |
               +--------+--------+--------+--------+--------+-----+--------+

Top non-repeatable levels by time:
     D:1: 921 daAuts
     D:2: 61 daAuts
